 Dungeon Crawl Stone Soup version 0.20-a0-1126-g0f15420 (webtiles) character file.

336 Naow the Firebug (level 6, 0/36 HPs)
             Began as an Octopode Fire Elementalist on May 17, 2017.
             Was a Follower of Vehumet.
             Slain by an orc
             ... wielding a +1 whip of electrocution
              (1 damage)
             ... on level 4 of the Dungeon.
             The game lasted 00:04:54 (3644 turns).

Naow the Firebug (Octopode Fire Elementalist)       Turns: 3644, Time: 00:04:55

Health: 0/36       AC:  1    Str:  7    XL:     6   Next: 54%
Magic:  1/11       EV: 13    Int: 20    God:    Vehumet [*.....]
Gold:   188        SH:  0    Dex: 12    Spells: 2/12 levels left

rFire    . . .     SeeInvis .   f - +0 dagger
rCold    . . .     Gourm    .   (no shield)
rNeg     . . .     Faith    .   (helmet restricted)
rPois    .         Spirit   .   (no amulet)
rElec    .         Reflect  .   j - ring of resist corrosion
rCorr    +         Harm     .   (no ring)
MR       .....                  (no ring)
Stlth    +++.......             (no ring)
Regen    0.2/turn               (no ring)
MPRegen  0.2/turn               (no ring)
                                (no ring)
                                (no ring)

@: very slightly contaminated
A: almost no armour, stealthy swim, amphibious, 8 rings, constrict 8, camouflage
1, gelatinous body 1
a: Renounce Religion


You were on level 4 of the Dungeon.
You worshipped Vehumet.
Vehumet was aware of your devotion.
You were not hungry.

You visited 1 branch of the dungeon, and saw 4 of its levels.

You collected 188 gold pieces.

Inventory:

Hand Weapons
 f - a +0 dagger (weapon)
Armour
 v - the +1 large shield of the Dozen Queens {rC- MR+ Str+3 Dex+2, unknown}
   (You found it on level 4 of the Dungeon)

   It affects your strength (+3).
   It affects your dexterity (+2).
   It makes you vulnerable to cold.
   It affects your resistance to hostile enchantments.
Jewellery
 j - a ring of resist corrosion (left tentacle)
 q - an uncursed ring of protection from fire {unknown}
Scrolls
 d - a scroll of enchant armour {unknown}
 g - 3 scrolls of fog {unknown}
 h - a scroll of blinking {unknown}
 k - a scroll of amnesia {unknown}
 m - 2 scrolls of identify {unknown}
 o - a scroll of enchant weapon {unknown}
 p - 3 scrolls of remove curse {unknown}
 r - a scroll of noise {unknown}
 t - a scroll of teleportation {unknown}
 x - a scroll of immolation {unknown}
Potions
 e - 6 potions of curing {unknown}
 l - a potion of flight {unknown}
 s - a potion of invisibility {unknown}
 u - a potion of heal wounds {unknown}
Books
 a - a book of Flames

   Spells                             Type                      Level
   a - Flame Tongue                   Conjuration/Fire             1
   b - Throw Flame                    Conjuration/Fire             2
   c - Conjure Flame                  Conjuration/Fire             3
   d - Inner Flame                    Hexes/Fire                   3
   e - Sticky Flame                   Conjuration/Fire             4
   f - Fireball                       Conjuration/Fire             5
 n - a book of Misfortune

   Spells                             Type                      Level
   a - Confusing Touch                Hexes                        1
   b - Confuse                        Hexes                        3
   c - Gell's Gravitas                Translocation                3
   d - Petrify                        Transmutation/Earth          4
   e - Metabolic Englaciation         Hexes/Ice                    5
   f - Yara's Violent Unravelling     Hexes/Transmutation          5
Comestibles
 b - a bread ration
 c - 4 meat rations
 i - a royal jelly
 w - a chunk of flesh


   Skills:
 - Level 2.0 Dodging
 - Level 2.6 Stealth
 + Level 3.8 Spellcasting
 + Level 3.8 Conjurations
 + Level 4.6 Fire Magic


You had 2 spell levels left.
You knew the following spells:

 Your Spells              Type           Power        Failure   Level  Hunger
a - Flame Tongue          Conj/Fire      ###..        2%          1    None
b - Throw Flame           Conj/Fire      ###...       3%          2    ##.....
c - Conjure Flame         Conj/Fire      ###.....     7%          3    ###....
d - Sticky Flame          Conj/Fire      ###.....     22%         4    ####...


Dungeon Overview and Level Annotations

Branches:
Dungeon (4/15)
 Temple: D:4-7

Altars:
Cheibriados
Elyvilon
Fedhas
Gozag
Makhleb
Qazlal
Sif Muna
Trog
Vehumet
Xom


Innate Abilities, Weirdness & Mutations

You cannot wear most types of armour.
You are very stealthy in the water. (Stealth+)
You are amphibious.
You can wear up to eight rings at the same time.
You can use your tentacles to constrict eight enemies at once.
Your skin changes colour to match your surroundings (Stealth+).
Your rubbery body absorbs attacks. (AC +1, EV +1)


Message History

The orc priest is severely wounded.
Casting: Flame Tongue
Confirm with . or Enter, or press ? or * to list all spells.
You don't have enough magic to cast that spell.
You hit the orc priest. Your grab misses the orc priest.
The orc priest is almost dead.
The orc priest calls down the wrath of Beogh upon you.
Beogh smites you!
You hit the orc priest.
You kill the orc priest!
Vehumet accepts your kill.
You barely miss the orc. Your grab misses the orc.
The orc hits you with a whip of electrocution.
You are electrocuted!
* * * LOW HITPOINT WARNING * * *
Number of times to repeat, then command key: You must enter the number of times for the command to repeat.
There is a stone staircase leading down here.
The orc hits you with a whip of electrocution.
You die...

#.# .## #.# ...## #.#
#####...... #.#
#...or..... #.#
#.###o....# #.# #.#
...## ### #.# #r# .##
...
##########.####o#####.#
#..
........##......@.....#
##..
#.#####.###.###########
#>.. ##.####.###.# #...
##<........# ##...
##.##.#....########
##...#
#.##.###..........#
.#####.###.
.####.#.##.######.#
#.#.....# #. ##
##.###.# #.#
#.#.###.###. . #.# #.#
#.# #.#.# ##...#


You could see an orc and a quokka.

Vanquished Creatures
  A necrophage (D:4)
  A hound (D:4)
  2 orc priests (D:4)
  2 orc wizards (D:4)
  A hound skeleton (D:4)
  2 adders
  3 worms (D:2)
  3 leopard geckos
  4 orcs
  A ball python (D:2)
  3 giant cockroaches (D:1)
  9 goblins
  7 hobgoblins
  5 jackals
  A quokka (D:2)
  6 bats
  A frilled lizard (D:1)
  7 kobolds
  4 rats
63 creatures vanquished.

Notes
Turn   | Place    | Note
-------+----------+-------------------------------------------
     0 | D:1      | Naow the Octopode Fire Elementalist began the quest for the Orb.
     0 | D:1      | Reached XP level 1. HP: 11/11 MP: 3/3
   159 | D:1      | Reached XP level 2. HP: 7/17 MP: 0/5
  1072 | D:1      | Reached XP level 3. HP: 21/21 MP: 6/6
  1589 | D:2      | Found a bloodstained altar of Trog.
  1600 | D:2      | Found a radiant altar of Vehumet.
  1600 | D:2      | Found a snail-covered altar of Cheibriados.
  1600 | D:2      | Found a white marble altar of Elyvilon.
  1601 | D:2      | Found a deep blue altar of Sif Muna.
  1604 | D:2      | Found an opulent altar of Gozag.
  1605 | D:2      | Found a shimmering altar of Xom.
  1607 | D:2      | Found a burning altar of Makhleb.
  1611 | D:2      | Became a worshipper of Vehumet
  1862 | D:2      | Found a faded altar of an unknown god.
  2244 | D:2      | Reached XP level 4. HP: 14/27 MP: 3/8
  2486 | D:3      | Learned a level 2 spell: Throw Flame
  2490 | D:3      | Learned a level 3 spell: Conjure Flame
  2506 | D:3      | Found a blossoming altar of Fedhas.
  2527 | D:3      | Found a stormy altar of Qazlal.
  3021 | D:4      | Reached skill level 4 in Fire Magic
  3021 | D:4      | Reached XP level 5. HP: 16/31 MP: 1/9
  3027 | D:4      | Learned a level 4 spell: Sticky Flame
  3066 | D:4      | Reached * piety under Vehumet
  3066 | D:4      | Offered knowledge of Freeze by Vehumet.
  3268 | D:4      | Got a faintly humming large shield
  3436 | D:4      | Noticed a necrophage
  3441 | D:4      | Killed a necrophage
  3441 | D:4      | Reached XP level 6. HP: 28/36 MP: 6/11
  3593 | D:4      | Noticed a phantom
  3642 | D:4      | HP: 1/36 [orc/whip of electrocution (15)]
  3644 | D:4      | Slain by an orc

Vault maps used:
D:1:      erik_arrival_cave_to_civilisation
D:2:      minitemple, chequers_ecumenical_altar_island, minivault_25
D:3:      grunt_temple_overflow_forces_of_nature, first_bread, solitary_fountain
D:4:      temple_statues, minmay_misc_feat_square

Skill      XL: |  1  2  3  4  5 |
---------------+----------------+-----
Conjurations   | 2 3 |  3.8
Spellcasting   | 3 |  3.8
Fire Magic     | 4 |  4.6
Dodging        | |  2.0
Stealth        | |  2.6

Action                   |  1- 3 |  4- 6 || total
-------------------------+-------+-------++-------
Melee: Unarmed           |     9 |       ||     9
       Constrict         |    14 |     4 ||    18
       Tentacles         |     8 |     2 ||    10
       Dagger            |    41 |    19 ||    60
 Cast: Flame Tongue      |    46 |    50 ||    96
       Conjure Flame     |       |     2 ||     2
       Throw Flame       |       |     1 ||     1
 Stab: Sleeping          |     2 |     1 ||     3
  Eat: Chunk             |     4 |     5 ||     9
Armor: Skin              |     7 |     2 ||     9
Dodge: Dodged            |    38 |    19 ||    57
